AoeStats
← KnightsTemplar

Yucatan

510760287Analyzed
4v4 RM · 11h ago on Oct 2, 2026· 55m 26s· 8 players
Game mode
Random Map
Map size
Large (8 player)
Population
200
Speed
Normal
Resources
Standard
Victory
Conquest
Starting age
Dark Age
Ending age
Imperial Age
RankedLock teamsTeams togetherTeam positionsShared explorationLock speedFull tech treeHidden civsTurbo modeCheats
Victory
Defeat
🇷🇴 Aztecs · Romania
587
+23
🇬🇧 Huns · United Kingdom
586
+23
🇺🇸 Britons · United States
470
+26
🇨🇳 Khitans · China
441
+27
🇲🇽 Gurjaras · Mexico
783
-26
🇭🇰 Goths · Hong Kong SAR China
777
-26
🇨🇳 Spanish · China
747
-25
🇮🇳 Franks · India
653
-22
Djgama17
0:40 Loom
12:00 Feudal Age
13:42 Wheelbarrow
12:53 Town Watch
13:12 Horse Collar
14:41 Man-at-Arms
15:07 Arson
19:00 Stone Mining
19:00 Gold Mining
26:19 Castle Age
25:33 Scale Mail Armor
25:43 Forging
25:34 Padded Archer Armor
25:24 Fletching
27:44 Double-Bit Axe
30:18 Bow Saw
30:44 Heavy Plow
35:33 Hand Cart
37:15 Town Patrol
37:53 Chain Mail Armor
40:49 Stone Shaft Mining
40:49 Gold Shaft Mining
40:34 Treadmill Crane
41:07 Fortified Wall
41:09 Caravan
41:03 Gambesons
42:16 Iron Casting
44:53 Imperial Age
41:49 Pikeman
41:49 Long Swordsman
42:29 Eagle Warrior
43:11 Squires
45:18 Coinage
46:01 Garland Wars
45:43 Atlatl
45:04 Elite Jaguar Warrior
46:26 Crop Rotation
45:28 Elite Skirmisher
51:24 Blast Furnace
50:40 Leather Archer Armor
50:22 Bodkin Arrow
50:58 Plate Mail Armor
51:10 Banking
51:23 Ballistics
52:04 Chemistry
51:00 Murder Holes
52:13 Bracer
51:55 Long Swordsman
55:08 Crossbowman
KnightsTemplar
10:32 Loom
13:12 Feudal Age
13:58 Double-Bit Axe
13:57 Horse Collar
15:53 Forging
15:48 Scale Barding Armor
16:49 Bloodlines
20:32 Castle Age
21:38 Bow Saw
22:10 Heavy Plow
22:49 Wheelbarrow
26:36 Chain Barding Armor
27:33 Iron Casting
28:01 Thumb Ring
28:36 Arson
28:52 Squires
28:13 Pikeman
28:15 Man-at-Arms
29:16 Hand Cart
29:44 Masonry
30:19 Husbandry
29:40 Light Cavalry
30:55 Town Watch
35:29 Imperial Age
33:21 Town Patrol
33:24 Stone Mining
33:47 Fletching
34:30 Ballistics
34:07 Murder Holes
34:45 Long Swordsman
38:41 Cavalier
38:42 Hussar
40:06 Marauders
39:27 Elite Tarkan
40:29 Atheism
40:08 Paladin
42:25 Blast Furnace
41:22 Bodkin Arrow
42:27 Caravan
44:41 Chemistry
48:54 Parthian Tactics
47:50 Heavy Cavalry Archer
50:45 Bracer
51:21 Plate Barding Armor
50:48 Scale Mail Armor
50:48 Padded Archer Armor
おに惨
0:49 Loom
15:48 Feudal Age
21:07 Wheelbarrow
20:18 Town Watch
20:16 Domestication
20:30 Stone Mining
20:31 Gold Mining
20:30 Double-Bit Axe
24:39 Castle Age
24:14 Scale Mail Armor
24:25 Forging
26:09 Stone Shaft Mining
25:52 Hand Cart
25:37 Town Patrol
25:40 Pastoralism
25:53 Bow Saw
26:54 Chain Mail Armor
33:23 Iron Casting
39:23 Imperial Age
38:28 Arson
38:43 Squires
39:27 Elite Liao Dao
40:29 Conscription
44:12 Plate Mail Armor
FreeArkansas
12:28 Feudal Age
14:03 Wheelbarrow
13:17 Double-Bit Axe
20:06 Castle Age
18:22 Stone Mining
18:26 Gold Mining
21:05 Hand Cart
21:09 Bow Saw
ostiinn
0:32 Loom
LineageHK
2:41 Loom
14:12 Feudal Age
19:06 Castle Age
17:30 Horse Collar
18:14 Double-Bit Axe
18:23 Gold Mining
18:24 Stone Mining
20:20 Wheelbarrow
20:48 Bow Saw
24:10 Hand Cart
31:06 Pikeman
32:51 Heavy Plow
32:47 Fletching
32:58 Padded Archer Armor
32:25 Crossbowman
35:20 Ballistics
35:14 Bodkin Arrow
35:35 Leather Archer Armor
36:12 Stone Shaft Mining
36:29 Scale Mail Armor
36:41 Anarchy
40:52 Imperial Age
39:48 Forging
39:54 Chain Mail Armor
41:06 Squires
44:37 Bracer
ItsEmpeRoRDj
0:27 Loom
13:03 Feudal Age
14:51 Wheelbarrow
14:02 Double-Bit Axe
14:23 Gold Mining
19:46 Castle Age
20:21 Stone Mining
20:54 Hand Cart
20:54 Bow Saw
25:03 Gold Shaft Mining
24:41 Town Watch
28:26 Town Patrol
38:26 Imperial Age
35:38 Ordonnance Companies
36:44 Fortified Wall
36:15 Treadmill Crane
36:57 Ballistics
36:50 Masonry
37:09 Forging
36:59 Scale Mail Armor
39:05 Iron Casting
38:37 Scale Barding Armor
38:33 Padded Archer Armor
38:23 Fletching
38:23 Crossbowman
40:56 Elite Throwing Axeman
42:11 Hoardings
41:38 Chivalry
42:06 Husbandry
41:36 Cranequins
43:50 Blast Furnace
43:32 Architecture
42:49 Arrowslits
44:23 Conscription
44:47 Squires
44:07 Pikeman
44:33 Arson
44:16 Cavalier
45:20 Paladin
48:30 Chain Barding Armor
50:25 Halberdier
52:23 Chemistry
51:14 Guard Tower
51:23 Murder Holes
hayate kokoa
Connection lost

Rejoining the realm…

Still unreachable

The connection could not be restored.

Session expired

The server has moved on; the page needs a fresh start.